 Dungeon Crawl Stone Soup version 0.31-a0-365-gcf821cafb2 (webtiles) character file.

Game seed: 12868977949195630520

3735 Midn8 the Cleaver (level 9, 0/83 HPs)
             Began as a Minotaur Wanderer on July 27, 2023.
             Was a Believer of Qazlal.
             Slain by a yak (10 damage)
             ... on level 8 of the Dungeon.
             The game lasted 00:13:45 (6801 turns).

Midn8 the Cleaver (Minotaur Wanderer)               Turns: 6801, Time: 00:13:45

Health: 0/83       AC:  7    Str: 18    XL:     9   Next: 93%
Magic:  13/13      EV: 13    Int: 15    God:    Qazlal [**....]
Gold:   354        SH:  3    Dex: 15    Spells: 9/10 levels left

rFire   . . .        D - +0 battleaxe
rCold   . . .        (shield currently unavailable)
rNeg    . . .        e - +0 acid dragon scales
rPois   .            (helmet restricted)
rElec   .            (no cloak)
rCorr   +            (no gloves)
SInv    .            f - +0 pair of boots
Will    .....        g - amulet of the acrobat
Stlth   +            A - +6 ring of intelligence
HPRegen 0.33/turn    (no ring)
MPRegen 0.13/turn

%: acrobat
@: lethally poisoned (0 -> -3)
A: horns 2, retaliatory headbutt, agile 1, sturdy frame 1
a: Renounce Religion, Upheaval


You were on level 8 of the Dungeon.
You worshipped Qazlal.
Qazlal was pleased with you.
You visited 2 branches of the dungeon, and saw 9 of its levels.

You collected 354 gold pieces.

Inventory:

Hand Weapons
 a - a +1 war axe
 D - a +0 battleaxe (weapon)
Missiles
 t - 10 javelins
 v - 11 poisoned darts
 w - a throwing net
 E - 2 boomerangs
 G - a curare-tipped dart
Armour
 d - a +0 leather armour
 e - +0 acid dragon scales (worn)
 f - a +0 pair of boots (worn)
 m - a +0 scale mail
Jewellery
 g - an amulet of the acrobat (around neck)
 j - a ring of magical power
 A - a +6 ring of intelligence (left hand)
Wands
 b - a wand of polymorph (4)
 s - a wand of light (8)
 B - a wand of flame (27)
 H - a wand of mindburst (13)
Scrolls
 c - 4 scrolls of blinking
 i - a scroll of fog {unknown}
 k - a scroll of immolation {unknown}
 l - 2 scrolls of teleportation
 n - a scroll of noise {unknown}
 o - a scroll of enchant weapon
 p - a scroll of revelation
 r - 2 scrolls of amnesia
 x - a scroll of torment {unknown}
 y - a scroll of fear {unknown}
 C - a scroll of vulnerability
 J - a scroll of identify
Potions
 h - 3 potions of haste
 q - a potion of enlightenment
 z - 3 potions of mutation
 F - 2 potions of heal wounds
 I - a potion of brilliance {unknown}


   Skills:
 - Level 9.0 Fighting
 - Level 11.3 Axes
 - Level 1.2 Armour
 + Level 4.3 Dodging
 - Level 1.0 Stealth
 - Level 1.0 Spellcasting
 - Level 1.0 Air Magic
 - Level 7.0 Invocations
 - Level 1.7 Evocations


You had 9 spell levels left.
You knew the following spells:

 Your Spells              Type           Power      Damage    Failure   Level
a - Shock                 Conj/Air       8%         1d3       22%         1

Your spell library contained the following spells:

 Spells                   Type           Power      Damage    Failure   Level
 Lesser Beckoning         Tloc           0%         N/A       38%         2
 Mephitic Cloud           Conj/Pois/Air  1%         N/A       58%         3
 Gell's Gravitas          Tloc           0%         N/A       63%         3
 Ignite Poison            Fire/Tmut/Pois 0%         N/A       63%         3
 Teleport Other           Tloc           0%         N/A       63%         3
 Sticky Flame             Conj/Fire      0%         2d3       95%         4
 Ignition                 Fire           0%         3d3       100%        8


Dungeon Overview and Level Annotations

Branches:
Dungeon (8/15)             Temple (1/1) D:4
   Lair: D:8-11

Altars:
Ashenzari
Cheibriados
Dithmenos
Elyvilon
Fedhas
Gozag
Hepliaklqana
Kikubaaqudgha
Makhleb
Nemelex Xobeh
Okawaru
Qazlal
Ru
Sif Muna
Trog
Uskayaw
Vehumet
Wu Jian
Xom
Yredelemnul
Zin
The Shining One

Annotations:
D:5 exclusion: 2 doors


Innate Abilities, Weirdness & Mutations

You have a pair of horns on your head.
You reflexively headbutt those who attack you in melee.
You are agile. (Dex +4, Str/Int -1)
Your movements are slightly less encumbered by armour. (ER -2)


Message History

The water moccasin poisons you! The water moccasin closely misses you.
You completely miss the water moccasin.
You feel very sick. The water moccasin barely misses you.
You closely miss the water moccasin.
You feel very sick.
The water moccasin bites you but does no damage.
The water moccasin bites you.
* * * LOW HITPOINT WARNING * * *
You are lethally poisoned!
The water moccasin poisons you!
You slash the water moccasin! You headbutt the water moccasin.
The water moccasin is severely wounded.
* * * LOW HITPOINT WARNING * * *
You feel very sick. The water moccasin barely misses you.
You furiously retaliate!
You headbutt the water moccasin, but do no damage.
The water moccasin bites you but does no damage.
You closely miss the water moccasin. You headbutt the water moccasin.
The water moccasin is almost dead.
* * * LOW HITPOINT WARNING * * *
You feel very sick. You block the water moccasin's attack.
You feel much better.
You feel sick. The water moccasin misses you. The water moccasin bites you!
* * * LOW HITPOINT WARNING * * *
Unknown command.
You barely miss the water moccasin.
The water moccasin is almost dead.
You feel very sick. The water moccasin closely misses you.
You slash the water moccasin!
You kill the water moccasin!
Qazlal accepts your kill.
You feel sick.
You barely miss the yak.
You feel sick. You block the yak's attack.
You slash the yak!
The yak is moderately wounded.
You feel sick. The yak gores you!
You die...

.# # .# ######## .# ##
.....†.## ##.### .#
######..###....# .#
#######.†......# ###.##
...............# #.†..#
###########.######?..<#
#.....@Y....#
########....# #....#
######


You could see a yak.

Vanquished Creatures
  A two-headed ogre (D:8)
  3 yaks (D:8)
  4 water moccasins
  An acid dragon (D:5)
  An ice beast (D:6)
  A black bear (D:6)
  3 ogres
  A centaur (D:7)
  4 phantoms
  A kobold brigand (D:7)
  4 bullfrogs
  2 scorpions (D:5)
  4 killer bees (D:8)
  A howler monkey (D:7)
  2 hounds
  2 jellies (D:6)
  2 orc priests (D:5)
  A gnoll bouda (D:7)
  2 sleepcaps (D:6)
  2 iguanas
  4 orc wizards (D:5)
  13 gnolls
  9 adders
  2 shadow imps (D:5)
  2 ufetubi
  3 dart slugs
  A worm (D:2)
  18 orcs
  4 endoplasms
  3 giant cockroaches
  6 goblins
  2 hobgoblins (D:4)
  10 kobolds
  5 quokkas
  10 ball pythons
  5 bats
  3 rats
142 creatures vanquished.

Notes
Turn   | Place    | Note
-------+----------+-------------------------------------------
     0 | D:1      | Midn8 the Minotaur Wanderer began the quest for the Orb.
     0 | D:1      | Midn8 set off with the following items: a +0 war axe, a
                  | wand of polymorph (4), a scroll of blinking, a +0 leather
                  | armour; and the following spell memorised: Shock; and the
                  | following spells available to memorise: Mephitic Cloud.
     0 | D:1      | Reached XP level 1. HP: 14/14 MP: 1/1
   170 | D:1      | Reached skill level 4 in Axes
   217 | D:1      | Reached skill level 1 in Fighting
   266 | D:1      | Found a faded altar of an unknown god.
   325 | D:1      | Reached XP level 2. HP: 23/23 MP: 2/2
   992 | D:2      | Reached XP level 3. HP: 27/29 MP: 3/3
  1138 | D:2      | Reached skill level 5 in Axes
  1624 | D:3      | Found a radiant altar of Vehumet.
  1681 | D:3      | Reached XP level 4. HP: 37/37 MP: 4/4
  2232 | D:4      | Found a staircase to the Ecumenical Temple.
  2241 | Temple   | Entered the Ecumenical Temple
  2253 | Temple   | Became a worshipper of Qazlal Stormbringer
  2304 | D:4      | Reached skill level 6 in Axes
  2322 | D:4      | Reached XP level 5. HP: 30/45 MP: 5/5
  2743 | D:4      | Noticed an ogre
  2763 | D:4      | Killed an ogre
  2764 | D:4      | Reached skill level 7 in Axes
  2764 | D:4      | Reached XP level 6. HP: 29/52 MP: 6/6
  3094 | D:5      | Entered Level 5 of the Dungeon
  3441 | D:5      | Reached * piety under Qazlal
  3475 | D:5      | Reached skill level 5 in Fighting
  3475 | D:5      | Reached skill level 8 in Axes
  3475 | D:5      | Reached XP level 7. HP: 58/61 MP: 7/7
  4120 | D:5      | HP: 2/62 [acid dragon/splash of acid (8)]
  4125 | D:5      | Reached XP level 8. HP: 16/70 MP: 10/10
  4752 | D:6      | Reached skill level 9 in Axes
  4958 | D:6      | Reached ** piety under Qazlal
  5200 | D:6      | Reached skill level 10 in Axes
  5534 | D:7      | Gained mutation: Your movements are slightly less
                  | encumbered by armour. (ER -2) [potion of mutation]
  5534 | D:7      | Gained mutation: You are agile. (Dex +4, Str/Int -1)
                  | [potion of mutation]
  5826 | D:7      | Reached XP level 9. HP: 69/82 MP: 11/11
  6232 | D:7      | Reached skill level 11 in Axes
  6635 | D:8      | Noticed a two-headed ogre
  6645 | D:8      | Killed a two-headed ogre
  6801 | D:8      | Slain by a yak

Illustrated notes

Levels and vault maps discovered:
D:1:      dpeg_arrival_another_circle, layout_loops_ring,
          basic_ecumenical_altar, nicolae_twisty_statue_hallways
D:2:      layout_rooms, chequers_serial_rivers_large_a, minmay_pentomino_pile
D:3:      layout_rooms, mainiacjoe_overflow_cross_hatched
D:4:      layout_basic, minmay_temple_entry_mist
D:5:      cheibrodos_two_vegetables, layout_basic
D:6:      layout_cave_pools, nicolae_water_bricks, minmay_circle_x
D:7:      layout_loops_cross
D:8:      layout_rooms, uniq_pikel
Temple:   nicolae_temple_the_god_donut

Skill      XL: |  1  2  3  4  5  6  7  8  9 |
---------------+----------------------------+-----
Axes           | 4 5 6 7 8 10 11 | 11.3
Fighting       | 1 2 3 4 5 6 8 9 |  9.0
Invocations    | 4 7 |  7.0
Dodging        | 4 |  4.3
Armour         | |  1.2
Stealth        | |  1.0
Spellcasting   | |  1.0
Air Magic      | |  1.0
Evocations     | |  1.7

Action                     |  1- 3 |  4- 6 |  7- 9 || total
---------------------------+-------+-------+-------++-------
  Melee: War axe           |    65 |   110 |    98 ||   273
         Headbutt          |     6 |    10 |    36 ||    52
         Battleaxe         |       |       |    96 ||    96
 Invoke: Upheaval          |       |       |     3 ||     3
    Use: Scroll            |     1 |     5 |     6 ||    12
         Potion            |       |     1 |     6 ||     7
   Stab: Sleeping          |     1 |       |       ||     1
 Armour: Leather armour    |    12 |       |       ||    12
         Scale mail        |    10 |    32 |     9 ||    51
         Acid dragon scale |       |       |    47 ||    47
  Dodge: Dodged            |    49 |    68 |   132 ||   249
  Block: Other             |       |       |    24 ||    24

Table legend: (Time is in decaauts)
 A = Elapsed time spent in this place.
 B = Non-inter-level travel time spent in this place.
 C = Inter-level travel time spent in this place.
 D = Time resting spent in this place.
 E = Time spent auto-exploring this place.
 F = Levels seen in this place.
 G = Mean time per level.
                   A        B        C        D        E       F      G
               +--------+--------+--------+--------+--------+-----+--------+
         Total |   6899 |   6711 |    188 |   1688 |   3893 |   9 |  766.6 |
       Dungeon |   6874 |   6697 |    177 |   1688 |   3893 |   8 |  859.2 |
        Temple |     24 |     13 |     11 |      0 |      0 |   1 |   24.0 |
               +--------+--------+--------+--------+--------+-----+--------+

Top non-repeatable levels by time:
     D:5: 1772 daAuts
     D:4: 1094 daAuts
     D:2: 913 daAuts
     D:6: 828 daAuts
     D:7: 821 daAuts
     D:1: 701 daAuts
     D:3: 408 daAuts
     D:8: 333 daAuts
  Temple: 24 daAuts
